TOP OF THE 1ST |
Key West Barracudas batting - Pitching for West Palm Reds : RHP Andy Hickey
|
Pitching: RHP Andy Hickey
|
|
Batting: SHB Rodney Birling
|
0-0: Called Strike 0-1: Ball 1-1: Ball 2-1: Called Strike 2-2: Strikes out swinging
|
Batting: SHB Patrick Larson
|
0-0: Called Strike 0-1: Ball 1-1: Ball 2-1: Swinging Strike 2-2: Ball 3-2: Fly out, F8 (Flyball, 8LM)
|
Batting: RHB Zander Tremblett
|
0-0: Ground out 5-3 (Groundball, 56S)
|
Top of the 1st over - 0 run(s), 0 hit(s), 0 error(s), 0 left on base; Key West 0 - West Palm 0 |
BOTTOM OF THE 1ST |
West Palm Reds batting - Pitching for Key West Barracudas : RHP Wilson Flores
|
Pitching: RHP Wilson Flores
|
|
Batting: RHB Lorenzo Guzmán
|
0-0: Called Strike 0-1: Ground out 6-3 (Groundball, 6M)
|
Batting: LHB Jeff Doss
|
0-0: DOUBLE (Line Drive, 9LS)
|
Batting: LHB Enrique Cortéz
|
0-0: Swinging Strike 0-1: Called Strike 0-2: Strikes out swinging
|
Batting: SHB Todd Smith
|
0-0: Ball 1-0: DOUBLE (Flyball, 89XD) Jeff Doss scores
|
Batting: RHB Jack Ray
|
0-0: SINGLE (Line Drive, 89S) Todd Smith to third
|
Batting: RHB José Tamayo
|
0-0: Ball 1-0: Called Strike 1-1: Called Strike 1-2: Foul Ball, location: 2F 1-2: Ball 2-2: Strikes out swinging
|
Bottom of the 1st over - 1 run(s), 3 hit(s), 0 error(s), 2 left on base; Key West 0 - West Palm 1 |
TOP OF THE 2ND |
Key West Barracudas batting - Pitching for West Palm Reds : RHP Andy Hickey
|
Batting: RHB Carlos Miranda
|
0-0: Foul Ball, location: 2F 0-1: Swinging Strike 0-2: Fly out, F9 (Flyball, 89M)
|
Batting: RHB Luther Stoffels
|
0-0: Ball 1-0: Foul Ball, location: 2F 1-1: Ground out 6-3 (Groundball, 6)
|
Batting: RHB Kenny Cole
|
0-0: Called Strike 0-1: Swinging Strike 0-2: Ball 1-2: Ball 2-2: Strikes out looking
|
Top of the 2nd over - 0 run(s), 0 hit(s), 0 error(s), 0 left on base; Key West 0 - West Palm 1 |
BOTTOM OF THE 2ND |
West Palm Reds batting - Pitching for Key West Barracudas : RHP Wilson Flores
|
Batting: LHB Bill Smith
|
0-0: Called Strike 0-1: Ground out U3 (Groundball, 3)
|
Batting: LHB Bob Martin
|
0-0: Called Strike 0-1: Ball 1-1: Ball 2-1: Called Strike 2-2: Ball 3-2: Base on Balls
|
Batting: SHB Alex Hayes
|
0-0: Ball Bob Martin is caught stealing 2nd base 1-0: Ball 2-0: Ground out 4-3 (Groundball, 34)
|
Bottom of the 2nd over - 0 run(s), 0 hit(s), 0 error(s), 0 left on base; Key West 0 - West Palm 1 |
TOP OF THE 3RD |
Key West Barracudas batting - Pitching for West Palm Reds : RHP Andy Hickey
|
Batting: LHB Daniel Byrd
|
0-0: Ball 1-0: Foul Ball, location: 2F 1-1: Called Strike 1-2: Ball 2-2: Strikes out looking
|
Batting: RHB Alfredo Pineda
|
0-0: Ball 1-0: Foul Ball, location: 2F 1-1: Ball 2-1: Ground out 1-3 (Groundball, 13S)
|
Batting: RHB Dan Craft
|
0-0: Called Strike 0-1: Foul Ball, location: 2F 0-2: Ball 1-2: Ball 2-2: Ground out 6-3 (Groundball, 6)
|
Top of the 3rd over - 0 run(s), 0 hit(s), 0 error(s), 0 left on base; Key West 0 - West Palm 1 |
BOTTOM OF THE 3RD |
West Palm Reds batting - Pitching for Key West Barracudas : RHP Wilson Flores
|
Batting: RHB Lorenzo Guzmán
|
0-0: Swinging Strike 0-1: Ball 1-1: Foul Ball, location: 2F 1-2: Foul Ball, location: 2F 1-2: Foul Ball, location: 2F 1-2: Ball 2-2: Ball 3-2: SINGLE (Line Drive, 6MD)
|
Batting: LHB Jeff Doss
|
0-0: Ball 1-0: Called Strike 1-1: Fly out, F7 (Flyball, 78D)
|
Batting: LHB Enrique Cortéz
|
0-0: Ball 1-0: Foul Ball, location: 2F 1-1: Ball 2-1: Ball 3-1: Base on Balls Lorenzo Guzmán to second
|
Batting: SHB Todd Smith
|
0-0: Foul Ball, location: 2F 0-1: Called Strike Lorenzo Guzmán steals 3rd base Enrique Cortéz to second 0-2: Ball 1-2: Foul Ball, location: 2F 1-2: Foul Ball, location: 2F 1-2: Foul Ball, location: 2F 1-2: SINGLE (Line Drive, 89M) Lorenzo Guzmán scores Enrique Cortéz to third Runner from 3rd tries for Home, SAFE, throw made home
|
Batting: RHB Jack Ray
|
0-0: Ball 1-0: Ball 2-0: Foul Ball, location: 2F 2-1: Foul Ball, location: 2F 2-2: Ball 3-2: Base on Balls Todd Smith to second
|
Batting: RHB José Tamayo
|
0-0: Swinging Strike 0-1: Ball 1-1: Ball 2-1: Foul Ball, location: 2F 2-2: Foul Ball, location: 2F 2-2: Strikes out looking
|
Batting: LHB Bill Smith
|
0-0: Swinging Strike 0-1: Called Strike 0-2: Foul Ball, location: 2F 0-2: Foul Ball, location: 2F 0-2: Strikes out swinging
|
Bottom of the 3rd over - 2 run(s), 2 hit(s), 0 error(s), 2 left on base; Key West 0 - West Palm 3 |
TOP OF THE 4TH |
Key West Barracudas batting - Pitching for West Palm Reds : RHP Andy Hickey
|
Batting: SHB Rodney Birling
|
0-0: Called Strike 0-1: Ball 1-1: Ball 2-1: Foul Ball, location: 2F 2-2: Foul Ball, location: 2F 2-2: Strikes out swinging
|
Batting: SHB Patrick Larson
|
0-0: Swinging Strike 0-1: Ground out 5-3 (Groundball, 5)
|
Batting: RHB Zander Tremblett
|
0-0: Called Strike 0-1: Foul Ball, location: 2F 0-2: Hit by Pitch
|
Batting: RHB Carlos Miranda
|
0-0: Ball 1-0: Called Strike 1-1: Ball 2-1: Called Strike 2-2: Strikes out swinging
|
Top of the 4th over - 0 run(s), 0 hit(s), 0 error(s), 1 left on base; Key West 0 - West Palm 3 |
BOTTOM OF THE 4TH |
West Palm Reds batting - Pitching for Key West Barracudas : RHP Wilson Flores
|
Batting: LHB Bob Martin
|
0-0: Swinging Strike 0-1: Called Strike 0-2: Strikes out swinging
|
Batting: SHB Alex Hayes
|
0-0: Ball 1-0: Foul Ball, location: 2F 1-1: Foul Ball, location: 2F 1-2: Foul Ball, location: 2F 1-2: SINGLE (Line Drive, 56)
|
Batting: RHB Lorenzo Guzmán
|
0-0: Ball 1-0: Foul Ball, location: 2F 1-1: Ball 2-1: Ball 3-1: Swinging Strike 3-2: Strikes out looking
|
Batting: LHB Jeff Doss
|
0-0: Ball 1-0: Ball 2-0: Foul Ball, location: 2F 2-1: Ball 3-1: Base on Balls Alex Hayes to second
|
Batting: LHB Enrique Cortéz
|
0-0: Foul Ball, location: 2F 0-1: Swinging Strike 0-2: Ball 1-2: Foul Ball, location: 2F 1-2: Fly out, F8 (Flyball, 8LXD)
|
Bottom of the 4th over - 0 run(s), 1 hit(s), 0 error(s), 2 left on base; Key West 0 - West Palm 3 |
TOP OF THE 5TH |
Key West Barracudas batting - Pitching for West Palm Reds : RHP Andy Hickey
|
Batting: RHB Luther Stoffels
|
0-0: Ball 1-0: Swinging Strike 1-1: Ball 2-1: Foul Ball, location: 2F 2-2: Foul Ball, location: 2F Reached via error on a dropped throw, E3
|
Batting: RHB Kenny Cole
|
0-0: Ball 1-0: Called Strike 1-1: Ball 2-1: Ball Wild Pitch! Luther Stoffels to second 3-1: Foul Ball, location: 2F 3-2: Foul Ball, location: 2F 3-2: Base on Balls
|
Batting: LHB Daniel Byrd
|
0-0: Swinging Strike 0-1: Called Strike 0-2: Ball 1-2: Foul Ball, location: 2F 1-2: Strikes out swinging
|
Batting: RHB Alfredo Pineda
|
0-0: Ball 1-0: Fielders Choice at 3rd, U5 (Groundball, 5L) Kenny Cole to second
|
Batting: RHB Dan Craft
|
0-0: Called Strike 0-1: Called Strike 0-2: Strikes out swinging
|
Top of the 5th over - 0 run(s), 0 hit(s), 1 error(s), 2 left on base; Key West 0 - West Palm 3 |
BOTTOM OF THE 5TH |
West Palm Reds batting - Pitching for Key West Barracudas : RHP Wilson Flores
|
Batting: SHB Todd Smith
|
0-0: Ball 1-0: Ball 2-0: Ground out 3-1 (Groundball, 34)
|
Batting: RHB Jack Ray
|
0-0: Foul Ball, location: 2F 0-1: Swinging Strike 0-2: Strikes out looking
|
Batting: RHB José Tamayo
|
0-0: Ball 1-0: Called Strike 1-1: Foul Ball, location: 2F 1-2: Ball 2-2: Strikes out swinging
|
Bottom of the 5th over - 0 run(s), 0 hit(s), 0 error(s), 0 left on base; Key West 0 - West Palm 3 |
TOP OF THE 6TH |
Key West Barracudas batting - Pitching for West Palm Reds : RHP Andy Hickey
|
Batting: SHB Rodney Birling
|
0-0: Called Strike 0-1: SINGLE (Line Drive, 3D)
|
Batting: SHB Patrick Larson
|
0-0: Ball 1-0: Called Strike 1-1: Foul Ball, location: 2F 1-2: Ball 2-2: Strikes out swinging
|
Batting: RHB Zander Tremblett
|
0-0: Ball 1-0: Ball 2-0: Grounds into double play, 6-4-3 (Groundball, 6)
|
Top of the 6th over - 0 run(s), 1 hit(s), 0 error(s), 0 left on base; Key West 0 - West Palm 3 |
BOTTOM OF THE 6TH |
West Palm Reds batting - Pitching for Key West Barracudas : RHP Wilson Flores
|
Pitching: RHP José García
|
|
Batting: LHB Bill Smith
|
0-0: Ball 1-0: SINGLE (Flyball, 9S)
|
Batting: LHB Bob Martin
|
0-0: Ball 1-0: Swinging Strike 1-1: Ball 2-1: SINGLE (Line Drive, 56) Bill Smith to second
|
Batting: SHB Alex Hayes
|
0-0: Ball 1-0: Ball 2-0: Ball 3-0: Called Strike 3-1: Foul Ball, location: 2F 3-2: Foul Ball, location: 2F 3-2: SINGLE (Line Drive, 8LS) Bill Smith to third Bob Martin to second Bill Smith scores Bob Martin to third
|
Batting: RHB Lorenzo Guzmán
|
0-0: Swinging Strike 0-1: Ball 1-1: Ball 2-1: Foul Ball, location: 2F 2-2: Strikes out swinging
|
Batting: LHB Jeff Doss
|
0-0: Called Strike 0-1: Foul Ball, location: 2F 0-2: Strikes out swinging
|
Batting: LHB Enrique Cortéz
|
0-0: Ball 1-0: Ball 2-0: Ball 3-0: Called Strike 3-1: Base on Balls Alex Hayes to second
|
Batting: SHB Todd Smith
|
0-0: Fielders Choice at 2nd, U4 (Groundball, 4M)
|
Bottom of the 6th over - 1 run(s), 3 hit(s), 0 error(s), 3 left on base; Key West 0 - West Palm 4 |
TOP OF THE 7TH |
Key West Barracudas batting - Pitching for West Palm Reds : RHP Andy Hickey
|
Batting: RHB Carlos Miranda
|
0-0: Fly out, F3 (Popup, 3SF)
|
Batting: RHB Luther Stoffels
|
0-0: Called Strike 0-1: Called Strike 0-2: Ball 1-2: Ball 2-2: Strikes out swinging
|
Batting: RHB Kenny Cole
|
0-0: Called Strike 0-1: Ball 1-1: DOUBLE (Flyball, 8RM)
|
Pitching: LHP Francisco Nieto
|
|
Batting: LHB Daniel Byrd
|
0-0: 2-RUN HOME RUN (Flyball, 9D), Distance : 376 ft
|
Batting: RHB Alfredo Pineda
|
0-0: Foul Ball, location: 2F 0-1: Swinging Strike 0-2: Ball 1-2: Ball 2-2: Strikes out swinging
|
Top of the 7th over - 2 run(s), 2 hit(s), 0 error(s), 0 left on base; Key West 2 - West Palm 4 |
BOTTOM OF THE 7TH |
West Palm Reds batting - Pitching for Key West Barracudas : RHP José García
|
Batting: RHB Jack Ray
|
0-0: Fly out, F8 (Flyball, 8RXD)
|
Batting: RHB José Tamayo
|
0-0: Reached on error, E2 (Groundball, 25)
|
Pitching: LHP Lynn White
|
|
Batting: LHB Bill Smith
|
0-0: Intentional Walk
|
Pitching: RHP Steven O'Brien
|
|
Pinch Hitting: LHB Jeff McKinney
|
0-0: Ball 1-0: Swinging Strike 1-1: Called Strike 1-2: Ball 2-2: Strikes out swinging
|
Batting: SHB Alex Hayes
|
0-0: Ball 1-0: SINGLE (Line Drive, 8LS) José Tamayo to third Bill Smith to second Runner from 3rd tries for Home, SAFE, no throw or cutoff
|
Batting: RHB Lorenzo Guzmán
|
0-0: Ball 1-0: Swinging Strike 1-1: Ball Wild Pitch! Bill Smith to third Alex Hayes to second 2-1: Ball 3-1: Base on Balls
|
Batting: LHB Jeff Doss
|
0-0: Ball 1-0: Fly out, F8 (Flyball, 8RXD)
|
Bottom of the 7th over - 1 run(s), 1 hit(s), 1 error(s), 3 left on base; Key West 2 - West Palm 5 |
TOP OF THE 8TH |
Key West Barracudas batting - Pitching for West Palm Reds : LHP Francisco Nieto
|
Now at 3B: Ánibal Martínez
|
|
Batting: RHB Dan Craft
|
0-0: Ball 1-0: Called Strike 1-1: Foul Ball, location: 2F 1-2: Ball 2-2: Strikes out swinging
|
Batting: SHB Rodney Birling
|
0-0: Foul Ball, location: 2F 0-1: Called Strike 0-2: Foul Ball, location: 2F 0-2: Foul Ball, location: 2F 0-2: Ball 1-2: Strikes out swinging
|
Batting: SHB Patrick Larson
|
0-0: Called Strike 0-1: Swinging Strike 0-2: Ball 1-2: Ground out 4-3 (Groundball, 4)
|
Top of the 8th over - 0 run(s), 0 hit(s), 0 error(s), 0 left on base; Key West 2 - West Palm 5 |
BOTTOM OF THE 8TH |
West Palm Reds batting - Pitching for Key West Barracudas : RHP Steven O'Brien
|
Batting: LHB Enrique Cortéz
|
0-0: Ball 1-0: Called Strike 1-1: Fly out, F6 (Line Drive, 6M)
|
Batting: SHB Todd Smith
|
0-0: Ball 1-0: Called Strike 1-1: Fly out, F5 (Popup, 5SF)
|
Batting: RHB Jack Ray
|
0-0: Ball 1-0: Ball 2-0: Called Strike 2-1: Ball 3-1: Called Strike 3-2: Foul Ball, location: 2F 3-2: Base on Balls
|
Batting: RHB José Tamayo
|
0-0: Ball 1-0: Foul Ball, location: 2F 1-1: Foul Ball, location: 2F 1-2: Ball 2-2: Strikes out swinging
|
Bottom of the 8th over - 0 run(s), 0 hit(s), 0 error(s), 1 left on base; Key West 2 - West Palm 5 |
TOP OF THE 9TH |
Key West Barracudas batting - Pitching for West Palm Reds : LHP Francisco Nieto
|
Pitching: LHP Juan Ortíz
|
|
Now at 1B: Félix García
|
|
Now in CF: Jermaine Carter
|
|
Batting: RHB Zander Tremblett
|
0-0: Called Strike 0-1: Swinging Strike 0-2: Ball 1-2: Foul Ball, location: 2F 1-2: Ground out 1-3 (Groundball, 23)
|
Batting: RHB Carlos Miranda
|
0-0: Called Strike 0-1: Foul Ball, location: 2F 0-2: Ball 1-2: Ball 2-2: Foul Ball, location: 2F 2-2: Ball 3-2: Foul Ball, location: 2F 3-2: Base on Balls
|
Batting: RHB Luther Stoffels
|
0-0: Called Strike 0-1: Swinging Strike 0-2: Ball 1-2: Fielders Choice at 2nd, 1-6 (Groundball, 15S)
|
Batting: RHB Kenny Cole
|
0-0: Ball 1-0: Called Strike 1-1: DOUBLE (Line Drive, 8LM) Luther Stoffels to third
|
Pinch Hitting: LHB Arturo López
|
0-0: Swinging Strike 0-1: Ball 1-1: Swinging Strike 1-2: Foul Ball, location: 2F 1-2: Strikes out swinging
|
Top of the 9th over - 0 run(s), 1 hit(s), 0 error(s), 2 left on base; Key West 2 - West Palm 5 |
|